 Seeded DCSS version 0.29-a0-648-g6b26cc9f40 (webtiles) character file.

Game seed: 10802498693541890562 (custom seed)

4853 wilfster70 the Spear-Bearer (level 10, -1/63 HPs)
             Began as a Merfolk Ice Elementalist on June 20, 2022.
             Was an Initiate of Gozag.
             Slain by a wyvern (5 damage)
             ... on level 8 of the Dungeon.
             The game lasted 00:37:47 (12737 turns).

wilfster70 the Spear-Bearer (MfIE)                 Turns: 12737, Time: 00:37:48

Health: -1/63      AC:  9    Str: 15    XL:     10   Next: 49%
Magic:  12/17      EV: 13    Int: 18    God:    Gozag
Gold:   419        SH:  0    Dex: 21    Spells: 8/19 levels left

rFire   . . .      SeeInvis .   a - +5 trident (protect)
rCold   + . .      Faith    .   (no shield)
rNeg    . . .      Spirit   .   y - +3 leather armour {rC+}
rPois   .          Reflect  .   n - +2 helmet
rElec   .          Harm     .   (no cloak)
rCorr   .          Rampage  .   (no gloves)
Will    .....                   (no boots)
Stlth   ++........              (no amulet)
HPRegen 0.20/turn               p - +6 ring of strength
MPRegen 0.15/turn               u - +6 ring of dexterity

@: no status effects
A: (nimble swimmer 2), mertail
a: Renounce Religion, Potion Petition, Call Merchant, Bribe Branch


You were on level 8 of the Dungeon.
You worshipped Gozag.
Gozag was aware of your devotion.
You visited 2 branches of the dungeon, and saw 9 of its levels.
You also visited: Sewer.

You collected 975 gold pieces.
You spent 468 gold pieces at shops.
You paid 88 gold pieces to Gozag.

Inventory:

Hand Weapons
 a - a +5 trident of protection (weapon)
Missiles
 q - 4 curare-tipped darts
 x - 12 poisoned darts
Armour
 m - a +0 pair of boots
 n - a +2 helmet (worn)
 y - a +3 leather armour of cold resistance (worn)
Jewellery
 p - a +6 ring of strength (left hand)
 u - a +6 ring of dexterity (right hand)
Wands
 t - a wand of polymorph (2)
 v - a wand of quicksilver (8)
Scrolls
 i - 7 scrolls of fear
 k - 5 scrolls of teleportation
 o - a scroll of fog
 r - a scroll of identify
Potions
 b - 3 potions of magic
 c - a potion of invisibility
 d - 2 potions of brilliance
 e - 8 potions of flight
 f - 2 potions of curing {unknown}
 g - 2 potions of heal wounds
 h - 3 potions of haste
 j - 2 potions of lignification
 l - a potion of berserk rage


   Skills:
 + Level 10.8 Polearms
 - Level 2.6 Dodging
 - Level 2.1 Stealth
 - Level 5.3 Spellcasting
 - Level 6.0 Conjurations
 - Level 6.0 Fire Magic
 - Level 6.0 Ice Magic


You had 8 spell levels left.
You knew the following spells:

 Your Spells              Type           Power      Damage    Failure   Level
a - Freeze                Ice            100%       1d11      1%          1
b - Frozen Ramparts       Ice            52%        1d7       4%          3
c - Ozocubu's Armour      Ice            26%        N/A       4%          3
d - Sticky Flame          Conj/Fire      26%        2d5       14%         4

Your spell library contained the following spells:

 Spells                   Type           Power      Damage    Failure   Level
 Conjure Flame            Conj/Fire      26%        6-21      4%          3
 Static Discharge         Conj/Air       15%        N/A       7%          2
 Hailstorm                Conj/Ice       26%        3d7       14%         4
 Sting                    Tmut/Pois      16%        1d3       16%         1
 Ignite Poison            Fire/Tmut/Pois 11%        N/A       22%         3
 Poisonous Vapours        Pois/Air       8%         N/A       24%         2
 Freezing Cloud           Conj/Ice/Air   9%         6-21      65%         5
 Lightning Bolt           Conj/Air       7%         1d20      78%         5
 Dispel Undead            Necr           4%         3d7       85%         4
 Olgreb's Toxic Radiance  Pois           4%         N/A       85%         4
 Maxwell's Capacitive Co  Air            2%         ∞         100%        8
 Polar Vortex             Ice            13%        N/A       100%        9
 Simulacrum               Ice/Necr       Unusable   N/A       N/A         6

Dungeon Overview and Level Annotations

Branches:
Dungeon (8/15)             Temple (1/1) D:5           Sewer (visited)
   Lair: D:8-11

Altars:
Ashenzari
Cheibriados
Dithmenos
Elyvilon
Fedhas
Gozag
Hepliaklqana
Kikubaaqudgha
Makhleb
Nemelex Xobeh
Okawaru
Qazlal
Ru
Sif Muna
Trog
Uskayaw
Vehumet
Wu Jian
Xom
Yredelemnul
Zin
The Shining One

Shops:
D:6 (

Annotations:
D:4 2 runed translucent doors, wilfster70's ghost, novice GnIE


Innate Abilities, Weirdness & Mutations

((You are very nimble when in or above water. (Stealth+, EV+, Speed+++)))
Your lower body shifts to a powerful aquatic tail in water.


Message History

There is an open door here.
A bullfrog comes into view.
Casting: Frozen Ramparts (dangerous; 4% risk of failure)
Confirm with . or Enter, or press ? or * to list all spells.
Casting: Frozen Ramparts (dangerous; 4% risk of failure)
Press: ? - help, Dir - look around, f - activate The walls around you are covered in ice.
The wall freezes the bullfrog.
The bullfrog seems to slow down.
The bullfrog completely misses you.
The wall freezes the bullfrog.
The bullfrog hits you.
You puncture the bullfrog!
Your weapon exudes an aura of protection.
You kill the bullfrog!
No target in view!
The frozen ramparts melt away as you move.
A wyvern comes into view.
You see here 4 gold pieces.
A two-headed ogre comes into view. It is wielding two +0 giant clubs.
The two-headed ogre shouts in stereo!
The wyvern hisses angrily.
The wyvern bites you! The wyvern bites you!
The wyvern attacks as you move away! The wyvern misses you.
The wyvern completely misses you. The wyvern bites you!
The two-headed ogre attacks as you move away!
The two-headed ogre barely misses you. The two-headed ogre misses you.
Casting: Frozen Ramparts (dangerous; 4% risk of failure)
Confirm with . or Enter, or press ? or * to list all spells.
Aiming: Sticky Flame (dangerous; 14% risk of failure)
Press: ? - help, Shift-Dir - straight line, f - wyvern
Aim: a wyvern (100% to hit)
The sticky flame hits the wyvern.
The wyvern is lightly wounded.
The wyvern is covered in liquid flames!
The wyvern burns!
The wyvern misses you. The wyvern bites you.
The two-headed ogre attacks as you move away!
The two-headed ogre hits you with a +0 giant club!!
* * * LOW HITPOINT WARNING * * *
The two-headed ogre barely misses you.
The wyvern burns!
The wyvern bites you.
You die...
Your body crumbles into a pile of gold.

###.##.###......
#..#..#.#........ $
#..#..###........
###)####.......##
#.(#..##.........
###.)#..##........
#.###)###......#>#..#
######.#..#.##Ol....#....
.......#..###$..@...#...#
######<#'##.....###.#..# #
#.......######....# ... #
#........##......# #.# ###
#.....##.........##..# ..##
#....####.........(.#
#..###)>...............###!.
##...).....................#
#.####..###.............#..


You could see a two-headed ogre and a wyvern (burning).

Vanquished Creatures
  A two-headed ogre (D:8)
  Joseph (D:7)
  Grinder (D:5)
  Sigmund (D:5)
  A yak (D:8)
  2 steam dragons (D:6)
  Menkaure (D:4)
  Edmund (D:3)
  A water moccasin (D:6)
  Duvessa (D:4)
  Pargi (D:3)
  A black bear (D:7)
  2 ice beasts (D:7)
  A centaur (D:8)
  3 bullfrogs
  2 kobold brigands (D:7)
  A necrophage (D:6)
  2 gnoll sergeants
  3 scorpions
  5 wights (D:7)
  Dowan (D:4)
  7 killer bees
  A howler monkey (D:6)
  2 jellies
  4 hounds
  3 orc priests
  3 iguanas
  Ijyb (D:5)
  Terence (D:3)
  5 orc wizards
  Robin (D:2)
  8 gnolls (D:6)
  12 adders
  4 river rats (Sewer)
  An ufetubus (D:6)
  3 worms (D:2)
  2 dart slugs (D:5)
  23 orcs
  10 bats
  11 endoplasms
  7 giant cockroaches
  15 goblins
  6 hobgoblins
  6 jackals
  7 quokkas
  17 ball pythons
  16 frilled lizards
  14 kobolds
  7 rats
230 creatures vanquished.

Vanquished Creatures (others)
  A phantom (D:6)
  A shadow imp (D:6)
  5 plants (D:3)
7 creatures vanquished.

Grand Total: 237 creatures vanquished

Notes
Turn   | Place    | Note
-------+----------+-------------------------------------------
     0 | D:1      | wilfster70 the Merfolk Ice Elementalist began the quest for
                  | the Orb.
     0 | D:1      | Reached XP level 1. HP: 13/13 MP: 3/3
     7 | D:1      | Identified a scroll of acquirement
     7 | D:1      | Acquired an Everburning Encyclopedia
   495 | D:1      | Reached XP level 2. HP: 16/19 MP: 1/5
   596 | D:1      | Found Resops's Armour Shop.
  1276 | D:1      | Reached XP level 3. HP: 24/24 MP: 3/6
  1280 | D:1      | Learned a level 3 spell: Frozen Ramparts
  1301 | D:1      | Reached skill level 5 in Ice Magic
  1963 | D:2      | Noticed Robin
  2417 | D:2      | Killed Robin
  2418 | D:2      | Reached XP level 4. HP: 15/30 MP: 4/8
  3612 | D:3      | Found a glowing drain.
  3616 | Sewer    | Entered a sewer
  3626 | Sewer    | Reached XP level 5. HP: 33/35 MP: 6/10
  4192 | Sewer    | Learned a level 4 spell: Sticky Flame
  4256 | D:3      | Noticed Terence
  4264 | D:3      | Killed Terence
  4265 | D:3      | Reached skill level 1 in Conjurations
  4265 | D:3      | Reached XP level 6. HP: 34/41 MP: 8/12
  4583 | D:3      | Noticed Pargi
  4587 | D:3      | Found a faded altar of an unknown god.
  4598 | D:3      | Killed Pargi
  4599 | D:3      | Reached skill level 1 in Fire Magic
  5180 | D:3      | Reached XP level 7. HP: 46/46 MP: 6/13
  5415 | D:4      | Noticed Duvessa
  5421 | D:4      | Noticed Edmund
  5438 | D:3      | Killed Edmund
  5547 | D:3      | Learned a level 3 spell: Ozocubu's Armour
  5556 | D:4      | Killed Duvessa
  5717 | D:4      | Noticed Dowan
  5729 | D:4      | Killed Dowan
  5875 | D:4      | Found a large runed translucent door.
  5876 | D:4      | Found a large runed translucent door.
  5880 | D:4      | Noticed wilfster70's ghost (novice GnIE)
  6341 | D:4      | Noticed Menkaure
  6359 | D:4      | Killed Menkaure
  6360 | D:4      | Reached XP level 8. HP: 8/52 MP: 8/14
  6837 | D:5      | Entered Level 5 of the Dungeon
  7116 | D:5      | Noticed Ijyb
  7134 | D:5      | Killed Ijyb
  7320 | D:5      | Noticed Sigmund
  7326 | D:5      | Killed Sigmund
  7444 | D:5      | Found a staircase to the Ecumenical Temple.
  7447 | D:5      | Noticed Grinder
  7456 | D:5      | Paralysed by Grinder for 3 turns
  7467 | D:5      | Paralysed by Grinder for 2 turns
  7480 | Temple   | Entered the Ecumenical Temple
  7899 | Temple   | Became a worshipper of Gozag Ym Sagoz the Greedy
  7951 | D:5      | Paralysed by Grinder for 2 turns
  7963 | D:5      | Killed Grinder
  7964 | D:5      | Reached skill level 5 in Conjurations
  8142 | D:5      | Found a snail-covered altar of Cheibriados.
  8143 | D:5      | Found a stormy altar of Qazlal.
  8145 | D:5      | Found a shimmering altar of Xom.
  8145 | D:5      | Found a sparkling altar of Nemelex Xobeh.
  8902 | D:6      | Found Ysikh's Weapon Shop.
  9209 | D:6      | Reached XP level 9. HP: 41/57 MP: 5/15
  9225 | D:6      | Reached skill level 5 in Fire Magic
 10370 | D:6      | Reached skill level 5 in Spellcasting
 10427 | D:6      | Bought a +5 trident of protection for 468 gold pieces
 10865 | D:7      | Reached skill level 1 in Polearms
 10878 | D:7      | Reached skill level 2 in Polearms
 11050 | D:7      | Reached skill level 3 in Polearms
 11052 | D:7      | Reached skill level 4 in Polearms
 11058 | D:7      | Reached skill level 5 in Polearms
 11514 | D:7      | Reached skill level 6 in Polearms
 11690 | D:7      | Noticed Joseph
 11729 | D:7      | Reached skill level 7 in Polearms
 11729 | D:7      | Reached XP level 10. HP: 59/63 MP: 13/17
 11738 | D:7      | Killed Joseph
 11739 | D:7      | Reached skill level 8 in Polearms
 12254 | D:8      | Noticed a two-headed ogre
 12283 | D:8      | Killed a two-headed ogre
 12284 | D:8      | Reached skill level 10 in Polearms
 12729 | D:8      | Noticed a two-headed ogre
 12737 | D:8      | Slain by a wyvern

Illustrated notes

Levels and vault maps discovered:
D:1:      kilobyte_arrival_exit_the_forest, layout_loops_ring, serial_shops,
          shop
D:2:      layout_basic, uniq_robin
D:3:      layout_loops_corners, hellmonk_ecumenical_altar_pennies_from_heaven,
          gup_sewer_entry_bowl, chequers_serial_rivers_micro_d,
          minmay_lizard_king, uniq_pargi, uniq_terence
D:4:      layout_loops_cross, ebering_ghost_disaster_area, abandoned_shop,
          chequers_serial_rivers_room_b, minmay_misc_feat_doors,
          hangedman_decor_slide_cut, uniq_edmund, uniq_duvessa, uniq_menkaure
D:5:      layout_basic, mainiacjoe_overflow_alcove_3, minmay_temple_entry_grid,
          uniq_ijyb, uniq_grinder, uniq_sigmund
D:6:      layout_layer_cave, serial_shops, shop, grunt_decor_clamped,
          wad_rectangle_vault
D:7:      layout_basic, uniq_joseph
D:8:      minmay_s_stair_smasher, layout_rooms, minmay_misc_feat_rows
Temple:   dpeg_five_rooms_temple

Skill      XL: |  1  2  3  4  5  6  7  8  9 10 |
---------------+-------------------------------+-----
Ice Magic      | 5 6 |  6.0
Spellcasting   | 3 4 5 |  5.3
Conjurations   | 1 2 4 5 6 |  6.0
Fire Magic     | 1 3 4 6 |  6.0
Polearms       | 7 10 | 10.8
Dodging        | |  2.6
Stealth        | |  2.1

Action                   |  1- 3 |  4- 6 |  7- 9 | 10-12 || total
-------------------------+-------+-------+-------+-------++-------
Melee: Dagger            |     5 |       |       |       ||     5
       Spear             |    28 |   144 |   204 |       ||   376
       Tailslap          |       |     4 |       |       ||     4
       Punch             |       |       |     6 |     2 ||     8
       Trident           |       |       |    56 |    48 ||   104
Throw: Dart              |       |       |       |     2 ||     2
 Cast: Freeze            |    45 |       |       |       ||    45
       Frozen Ramparts   |     4 |    23 |    61 |    11 ||    99
       Ozocubu's Armour  |       |       |     9 |     1 ||    10
       Sticky Flame      |       |       |     3 |     3 ||     6
Evoke: Wand              |       |       |       |     1 ||     1
  Use: Scroll            |     2 |    12 |     4 |     3 ||    21
       Potion            |       |       |     3 |       ||     3
 Stab: Sleeping          |     3 |    11 |       |       ||    14
Armor: Robe              |    16 |       |       |       ||    16
       Animal skin       |       |    50 |    28 |       ||    78
       Ring mail         |       |       |    95 |     4 ||    99
       Leather armour    |       |       |       |     9 ||     9
Dodge: Dodged            |    83 |    73 |   193 |    32 ||   381

Table legend: (Time is in decaauts)
 A = Elapsed time spent in this place.
 B = Non-inter-level travel time spent in this place.
 C = Inter-level travel time spent in this place.
 D = Time resting spent in this place.
 E = Time spent auto-exploring this place.
 F = Levels seen in this place.
 G = Mean time per level.
                   A        B        C        D        E       F      G
               +--------+--------+--------+--------+--------+-----+--------+
         Total |  12658 |  12158 |    500 |   4662 |   3964 |  10 | 1265.8 |
       Dungeon |  11664 |  11268 |    396 |   4353 |   3772 |   8 | 1458.0 |
        Temple |    470 |    366 |    104 |    184 |    153 |   1 |  470.0 |
         Sewer |    523 |    523 |      0 |    125 |     39 |   1 |  523.0 |
               +--------+--------+--------+--------+--------+-----+--------+

Top non-repeatable levels by time:
     D:1: 2537 daAuts
     D:6: 2029 daAuts
     D:7: 1670 daAuts
     D:3: 1623 daAuts
     D:5: 1329 daAuts
     D:4: 1100 daAuts
     D:2: 1011 daAuts
   Sewer: 523 daAuts
  Temple: 470 daAuts
     D:8: 363 daAuts
